 Dungeon Crawl Stone Soup version 0.21.1-1-g345015f (webtiles) character file.

521 Mirai the Thaumaturge (level 7, 0/36 HPs)
             Began as a Deep Elf Conjurer on Mar 28, 2018.
             Slain by Grinder (3 damage)
             ... on level 4 of the Dungeon.
             The game lasted 00:08:55 (2569 turns).

Mirai the Thaumaturge (Deep Elf Conjurer)           Turns: 2569, Time: 00:08:56

Health: 0/36       AC:  3    Str:  3 (5)  XL:     7   Next: 1%
Magic:  14/22      EV: 12    Int: 25 (26) God:
Gold:   150        SH:  0    Dex: 12 (15) Spells: 14/25 levels left

rFire    . . .     SeeInvis .   s - staff of energy
rCold    . . .     Gourm    .   (no shield)
rNeg     . . .     Faith    .   a - +0 robe
rPois    .         Spirit   .   (no helmet)
rElec    .         Reflect  .   l - +0 cloak
rCorr    .         Harm     .   (no gloves)
MR       .....                  (no boots)
Stlth    ++........             (no amulet)
HPRegen  0.12/turn              q - +4 ring of intelligence
MPRegen  0.18/turn              t - ring of wizardry

@: hasted, very quick
A: no striking features
a: no special abilities


You were on level 4 of the Dungeon.
You were not hungry.

You visited 1 branch of the dungeon, and saw 4 of its levels.

You collected 150 gold pieces.

Inventory:

Hand Weapons
 j - a +0 dagger
 r - a +0 rapier
 y - a +1 dagger of electrocution
Armour
 a - a +0 robe (worn)
 l - a +0 cloak (worn)
Magical Staves
 s - an uncursed staff of energy (weapon)
Jewellery
 q - a +4 ring of intelligence (left hand)
 t - a ring of wizardry (right hand)
Wands
 u - a wand of random effects (24)
Scrolls
 d - 6 scrolls of identify
 f - a scroll of blinking {unknown}
Potions
 h - a potion of might {unknown}
 i - a potion of invisibility {unknown}
 p - 2 potions of curing {unknown}
Books
 b - a book of Conjurations

   Spells                             Type                      Level
   a - Magic Dart                     Conjuration                  1
   b - Searing Ray                    Conjuration                  2
   c - Dazzling Spray                 Conjuration/Hexes            3
   d - Fulminant Prism                Conjuration/Hexes            4
   e - Force Lance                    Conjuration/Translocation    4
   f - Iskenderun's Mystic Blast      Conjuration                  4
Comestibles
 c - 7 rations
 g - 2 chunks of flesh


   Skills:
 - Level 2.4 Dodging
 - Level 2.4 Stealth
 + Level 9.5 Spellcasting
 + Level 4.7 Conjurations
 + Level 1.6 Hexes
 + Level 1.2 Evocations


You had 14 spell levels left.
You knew the following spells:

 Your Spells              Type           Power        Failure   Level  Hunger
a - Magic Dart            Conj           ####         1%          1    None
b - Searing Ray           Conj           #####.       1%          2    None
c - Iskenderun's Mystic   Conj           #####...     3%          4    None
d - Fulminant Prism       Conj/Hex       ####......   6%          4    None


Dungeon Overview and Level Annotations

Branches:
Dungeon (4/15)
 Temple: D:4-7

Altars:
Ashenzari
Kikubaaqudgha
Makhleb
Nemelex Xobeh
Sif Muna
Trog
Xom

Annotations:
D:4 Grinder


Message History

Grinder says, "My boss said I was rubbish.
His entrails said otherwise."
Grinder closely misses you.
Evoke which item? (* to show all) (? for menu, Esc to quit)
Okay, then.
Okay, then.
You feel yourself speed up.
Grinder zaps a wand.
You easily resist.
Unknown command.
Casting: Searing Ray
Confirm with . or Enter, or press ? or * to list all spells.
Aiming: Searing Ray
Press: ? - help, Shift-Dir - straight line, f/p - Grinder
Aim: Grinder, carrying a wand of polymorph (5)
The searing ray misses Grinder. (Press . to maintain the ray.)
The searing ray hits Grinder.
Grinder is lightly wounded.
Grinder hits you.
* * * LOW HITPOINT WARNING * * *
You writhe in agony.
You die...

*,* ### *#.##********** *
******#.#* *...,,,,,,,,,,*
*******,,,,,...* *..#*********,*
,,,,,,,,****#.#* *..# *,*
,.,,,*##### #.# *..# *,*
*#.,**#...###.####..#####* *,*
#..* #..........5.$.....* *,*
##..###...#..W).@........*****>**
.............#####.†.....,,,,,,,,
*#.....).....# *.......,,,,,,*,
###..........# *######.*******,
###.#.#...##.# *,* **
..........##.# *,* #.##..#...##.#
*,* #.##..######.# *,* #.##..#
#.# ###***,********


You could see Grinder and a phantom.

Vanquished Creatures
  An ice beast (D:3)
  An ogre (D:4)
  A howler monkey (D:4)
  A hound (D:4)
  A bullfrog skeleton (D:4)
  2 orc wizards (D:4)
  Ijyb (D:3)
  3 gnolls (D:2)
  7 adders
  2 oozes
  A worm (D:2)
  3 dart slugs
  2 leopard geckos
  4 orcs (D:4)
  A ball python (D:4)
  2 giant cockroaches
  A goblin (D:1)
  5 hobgoblins
  7 jackals
  5 kobolds
  A quokka (D:4)
  2 bats
  2 frilled lizards (D:3)
  3 rats
59 creatures vanquished.

Notes
Turn   | Place    | Note
-------+----------+-------------------------------------------
     0 | D:1      | Mirai the Deep Elf Conjurer began the quest for the Orb.
     0 | D:1      | Reached XP level 1. HP: 10/10 MP: 6/6
   272 | D:1      | Reached skill level 4 in Spellcasting
   272 | D:1      | Reached XP level 2. HP: 15/15 MP: 2/9
   983 | D:2      | Reached skill level 5 in Spellcasting
   983 | D:2      | Reached XP level 3. HP: 19/19 MP: 5/11
  1084 | D:2      | Learned a level 2 spell: Searing Ray
  1175 | D:2      | Reached skill level 6 in Spellcasting
  1175 | D:2      | Reached XP level 4. HP: 19/24 MP: 10/14
  1193 | D:2      | Found a sparkling altar of Nemelex Xobeh.
  1406 | D:2      | Found a burning altar of Makhleb.
  1408 | D:2      | Noticed a balrug
  1412 | D:2      | Noticed a neqoxec
  1412 | D:2      | Noticed a hellwing
  1621 | D:3      | Found a shattered altar of Ashenzari.
  1664 | D:3      | Noticed an ice beast
  1673 | D:3      | Killed an ice beast
  1673 | D:3      | Reached skill level 7 in Spellcasting
  1673 | D:3      | Reached XP level 5. HP: 19/28 MP: 6/17
  1839 | D:3      | Found a bloodstained altar of Trog.
  1894 | D:3      | Found a shimmering altar of Xom.
  1896 | D:3      | Found an ancient bone altar of Kikubaaqudgha.
  1896 | D:3      | Found a shimmering altar of Xom.
  1899 | D:3      | Found a bloodstained altar of Trog.
  1899 | D:3      | Found a sparkling altar of Nemelex Xobeh.
  1899 | D:3      | Found a deep blue altar of Sif Muna.
  1925 | D:3      | Noticed Ijyb
  1931 | D:3      | Killed Ijyb
  1931 | D:3      | Reached skill level 8 in Spellcasting
  1941 | D:3      | Found a shattered altar of Ashenzari.
  2051 | D:3      | Learned a level 4 spell: Iskenderun's Mystic Blast
  2058 | D:3      | Learned a level 4 spell: Fulminant Prism
  2184 | D:4      | Reached XP level 6. HP: 32/32 MP: 13/19
  2268 | D:4      | Reached skill level 9 in Spellcasting
  2453 | D:4      | Reached skill level 1 in Hexes
  2453 | D:4      | Reached skill level 1 in Evocations
  2527 | D:4      | Noticed Grinder
  2538 | D:4      | Paralysed by Grinder for 7 turns
  2566 | D:4      | Reached XP level 7. HP: 7/36 MP: 17/22
  2569 | D:4      | Slain by Grinder

Skill      XL: |  1  2  3  4  5  6 |
---------------+-------------------+-----
Spellcasting   | 4 5 6 7 8 9 |  9.5
Hexes          | 1 |  1.6
Evocations     | 1 |  1.2
Dodging        | |  2.4
Stealth        | |  2.4
Conjurations   | |  4.7

Action                   |  1- 3 |  4- 6 |  7- 9 || total
-------------------------+-------+-------+-------++-------
Melee: Unarmed           |     2 |     3 |       ||     5
       Dagger            |    12 |     5 |       ||    17
       Rapier            |       |     9 |       ||     9
       Staff             |       |     5 |       ||     5
 Cast: Magic Dart        |    54 |    50 |       ||   104
       Searing Ray       |       |    16 |     1 ||    17
       Iskenderun's Myst |       |     1 |       ||     1
  Use: Scroll            |       |     7 |       ||     7
       Potion            |       |     3 |     1 ||     4
  Eat: Chunk             |     1 |     4 |       ||     5
Armor: Robe              |     3 |    11 |       ||    14
Dodge: Dodged            |    15 |    38 |     1 ||    54
